 Dungeon Crawl Stone Soup version 0.29.0 (webtiles) character file.

Game seed: 18042975437707547924

103 gelatine the Ducker (level 4, 0/33 HPs)
             Began as a Spriggan Transmuter on Aug 24, 2022.
             Succumbed to an orc wizard's poison
             ... on level 2 of the Dungeon.
             The game lasted 00:08:14 (2146 turns).

gelatine the Ducker (Spriggan Transmuter)           Turns: 2146, Time: 00:08:15

Health: 0/33       AC: 22    Str:  6    XL:     4   Next: 51%
Magic:  10/11      EV:  4    Int: 16    God:
Gold:   65         SH:  0    Dex: 15    Spells: 8/11 levels left

rFire   . . .      SeeInvis +   n - +0 sling
rCold   . . .      Faith    .   (no shield)
rNeg    . . .      Spirit   .   (body armour currently unavailable)
rPois   +          Reflect  .   (helmet currently unavailable)
rElec   .          Harm     .   (cloak currently unavailable)
rCorr   .          Rampage  .   (gloves unavailable)
Will    .....      NoTele   +   (boots unavailable)
Stlth   +.........              (no amulet)
HPRegen 0.11/turn               (no ring)
MPRegen 0.12/turn               (no ring)

@: lethally poisoned (0 -> -1), tree-form
A: stationary, stasis, torment immunity, boosted hp, very small, no large
weapons, unfitting armour, see invisible, (speed 3)
a: no special abilities


You were on level 2 of the Dungeon.
You were a tree.
You visited 1 branch of the dungeon, and saw 3 of its levels.

You collected 65 gold pieces.

Inventory:

Hand Weapons
 n - a +0 sling (weapon)
Armour
 a - a +0 robe (melded)
Jewellery
 d - a ring of ice
Scrolls
 e - a scroll of blinking
 f - 7 scrolls of identify
 g - a scroll of magic mapping
 j - a scroll of enchant weapon {unknown}
 k - a scroll of enchant armour {unknown}
 m - a scroll of teleportation {unknown}


   Skills:
 * Level 1.0 Fighting
 + Level 0.9 Short Blades
 + Level 0.1 Ranged Weapons
 * Level 4.0 Dodging
 + Level 0.3 Stealth
 + Level 2.9 Unarmed Combat
 + Level 4.0 Spellcasting
 + Level 3.2 Transmutations


You had 8 spell levels left.
You knew the following spells:

 Your Spells              Type           Power      Damage    Failure   Level
a - Beastly Appendage     Tmut           26%        N/A       4%          1
b - Wereblood             Tmut           13%        N/A       7%          2

Your spell library contained the following spells:

 Spells                   Type           Power      Damage    Failure   Level
 Spider Form              Tmut/Pois      8%         N/A       26%         3
 Ice Form                 Ice/Tmut       8%         N/A       65%         4


Dungeon Overview and Level Annotations

Branches:
Dungeon (3/15)

Altars:

Annotations:
D:3 Pargi


Innate Abilities, Weirdness & Mutations

You are a tree.
Your roots penetrate the ground, keeping you stationary.
You cannot be teleported.
You are immune to unholy pain and torment.
Your maximum health is greatly increased.
Your equipment is partially melded.
You are very small and have problems with some larger weapons.
You are too small for most types of armour.
You have supernaturally acute eyesight. (SInv)
((You cover ground extremely quickly. (Speed+++)))


Message History

Your Dodging skill increases to level 4!
Your Spellcasting skill increases to level 4!
You barely miss the orc. Your kick misses the orc.
You howl as the wereblood boils in your veins!
Your transformation is almost over.
Your primal bloodlust has ended.
* * * LOW HITPOINT WARNING * * *
You feel sick. The orc hits you but does no damage.
You closely miss the orc. You claw the orc. You headbutt the orc.
You kill the orc!
* * * LOW HITPOINT WARNING * * *
You feel sick.
Okay, then.
There is a lethal amount of poison in your body!
As you read the scroll labelled TUIM EDWEGHOUDDOD, it crumbles to dust.
It is a scroll of identify.
Really abort (and waste the scroll)?
Uppercase [Y]es or [N]o only, please.
Really abort (and waste the scroll)?
Uppercase [Y]es or [N]o only, please.
Really abort (and waste the scroll)?
g - a scroll of magic mapping
* * * LOW HITPOINT WARNING * * *
You feel sick.
Really quaff the potion of lignification?
Your horns disappear.
Your talons disappear.
You turn into a tree.
Your +0 robe melds into your body.
Your roots penetrate the ground.
* * * LOW HITPOINT WARNING * * *
You feel sick.
There is a lethal amount of poison in your body!
As you read the scroll labelled ZYTSAEM FEIKK, it crumbles to dust.
You cannot blink because you are held in place by your roots.
It was a scroll of blinking.
* * * LOW HITPOINT WARNING * * *
You feel sick.
Unknown command.
As you read the scroll labelled GOT YSIVIFREEG, it crumbles to dust.
The air around you briefly surges with heat, but it dissipates.
It was a scroll of immolation.
You die...

...............# #..######.# #.
#######.)......#####.## #.# #)
######.........##...# #.# #.
#...##..........#.#########.# #.
#...##........#.............###.
#...##........#...#...........#.
#...##.########..>.oo.........#.
##)..##.# #)#.#...........##
.....##.########♣#.#..(.....(..#
.....##..........#.#...........#
#....#############.#...........#
...................#...........#
.#...###############...........#
.#...# #...........# .##.##
#...........# ..#.#
############# #.#.#


There were no monsters in sight!

Vanquished Creatures
  An orc wizard (D:2)
  2 adders (D:2)
  2 worms (D:2)
  2 dart slugs (D:1)
  3 orcs (D:2)
  3 bats
  2 endoplasms
  2 giant cockroaches (D:1)
  4 goblins (D:2)
  4 hobgoblins
  6 jackals (D:1)
  2 quokkas
  4 ball pythons
  2 frilled lizards
  3 kobolds (D:1)
  5 rats
47 creatures vanquished.

Notes
Turn   | Place    | Note
-------+----------+-------------------------------------------
     0 | D:1      | gelatine the Spriggan Transmuter began the quest for the
                  | Orb.
     0 | D:1      | Reached XP level 1. HP: 9/9 MP: 5/5
   346 | D:1      | Reached XP level 2. HP: 13/14 MP: 3/7
   689 | D:1      | Learned a level 2 spell: Wereblood
   760 | D:1      | Reached XP level 3. HP: 16/17 MP: 9/9
  1621 | D:2      | Reached XP level 4. HP: 15/21 MP: 7/10
  1835 | D:3      | Noticed Pargi
  1840 | D:2      | HP: 1/21 [poisoned by an orc wizard]
  2141 | D:2      | Reached skill level 1 in Fighting
  2145 | D:2      | HP: 1/33 [poisoned by an orc wizard]
  2146 | D:2      | Succumbed to an orc wizard's poison

Illustrated notes

Levels and vault maps discovered:
D:1:      scummos_arrival_forest, layout_loops_cross
D:2:      layout_basic, minmay_tall_x
D:3:      layout_loops_ring, nemelex_dance_club_becter, xom_butterflies,
          minmay_box_of_dots, uniq_crazy_yiuf_cottage, uniq_pargi, uniq_natasha

Skill      XL: |  1  2  3  4 |
---------------+-------------+-----
Spellcasting   | 3 4 |  4.0
Dodging        | 3 4 |  4.0
Transmutations | 3 |  3.2
Fighting       | 1 |  1.0
Short Blades   | |  0.9
Ranged Weapons | |  0.1
Stealth        | |  0.3
Unarmed Combat | |  2.9

Action                   |  1- 3 |  4- 6 || total
-------------------------+-------+-------++-------
Melee: Short sword       |    38 |       ||    38
       Kick              |    36 |    14 ||    50
       Headbutt          |    19 |     8 ||    27
       Unarmed           |    80 |     5 ||    85
       Sling             |       |    25 ||    25
       Punch             |       |     2 ||     2
 Fire: Sling             |       |     8 ||     8
 Cast: Beastly Appendage |    27 |     5 ||    32
       Wereblood         |     2 |     2 ||     4
  Use: Potion            |       |     4 ||     4
       Scroll            |       |     3 ||     3
Armor: Robe              |    12 |     5 ||    17
Dodge: Dodged            |   106 |    36 ||   142
